 Dungeon Crawl Stone Soup version 0.31.0-11-ge490571c62 (webtiles) character file.

Game seed: 1585054137551794527

342 browni3141 the Cudgeller (level 6, -1/56 HPs)
             Began as a Naga Monk on Feb 1, 2024.
             Slain by a sleepcap (7 damage)
             ... on level 5 of the Dungeon.
             The game lasted 00:08:15 (1037 turns).

browni3141 the Cudgeller (Naga Monk)                Turns: 1037, Time: 00:08:16

Health: -1/56      AC:  4    Str: 13    XL:     6   Next: 57%
Magic:  10/10      EV: 10    Int: 12    God:
Gold:   2          SH:  0    Dex: 14    Spells: 11/11 levels left

rFire   . . .        n - +0 flail
rCold   . . .        d - orb {light}
rNeg    . . .        b - +0 robe
rPois   +            j - +0 helmet
rElec   .            (no cloak)
rCorr   .            (no gloves)
SInv    +            (no barding)
Will    .....        (no amulet)
Stlth   +            k - ring of wizardry
HPRegen 0.29/turn    (no ring)
MPRegen 0.12/turn

%: wizardry (x1)
@: short of breath, glowing, very slow
A: AC +2, large, see invisible, deformed body, poison resistance, slowness 2,
spit poison 1, naga tail 1
a: Spit Poison


You were on level 5 of the Dungeon.
You visited 1 branch of the dungeon, and saw 5 of its levels.

You collected 52 gold pieces.
You spent 50 gold pieces at shops.

Inventory:

Hand Weapons
 a - a +0 mace
 n - a +0 flail (weapon)
Missiles
 l - 6 poisoned darts
Armour
 b - a +0 robe (worn)
 d - an orb of light (worn)
 j - a +0 helmet (worn)
Jewellery
 k - a ring of wizardry (left hand)
Scrolls
 f - a scroll of amnesia
 i - a scroll of noise
 m - a scroll of immolation
 o - a scroll of teleportation
 p - a scroll of blinking
 s - a scroll of enchant weapon
Potions
 c - a potion of ambrosia
 e - a potion of resistance {unknown}
 g - 3 potions of attraction {unknown}
 h - 2 potions of enlightenment
 q - a potion of heal wounds {unknown}


   Skills:
 + Level 3.5 Fighting
 * Level 4.0 Maces & Flails
 - Level 2.5 Dodging
 * Level 3.2 Spellcasting
 * Level 3.6 Necromancy


You had 11 spell levels left.
You didn't know any spells.
Your spell library contained the following spells:

 Spells                   Type           Power      Damage    Failure   Level
 Sublimation of Blood     Necr           10%        N/A       3%          2
 Vampiric Draining        Necr           10%        2d6       6%          3
 Slow                     Hex            4%         N/A       10%         1
 Call Imp                 Summ           2%         N/A       16%         2
 Confusing Touch          Hex            1%         N/A       28%         3
 Sigil of Binding         Hex            1%         N/A       28%         3
 Summon Hydra             Summ           0%         N/A       100%        7


Dungeon Overview and Level Annotations

Branches:
Dungeon (5/15)
 Temple: D:4-7

Altars:

Shops:
D:4 *


Innate Abilities, Weirdness & Mutations

Your serpentine skin is tough. (AC +2)
You have supernaturally acute eyesight. (SInv)
Armour fits poorly on your strangely shaped body.
Your system is resistant to poisons. (rPois)
You cover ground very slowly.
You can spit poison.
You have a snake-like lower body.


Message History

You climb downwards.
There is a stone staircase leading up here.
You open the door.
There is an open door here.
You open the door.
There is an open door here.
A black bear comes into view.
The black bear growls angrily.
The splash of poison hits the black bear!
The black bear is moderately wounded.
The black bear bites you.
The black bear claws you but does no damage.
The black bear claws you.
You hit the black bear but do no damage.
The black bear is moderately wounded.
The black bear bites you. The black bear barely misses you.
The black bear claws you.
You hit the black bear.
The black bear is heavily wounded.
The black bear bites you.
The black bear claws you but does no damage. x2
The black bear bites you.
The black bear claws you but does no damage.
The black bear claws you.
You hit the black bear.
The black bear is severely wounded.
The black bear goes berserk!
You sock the black bear!
The black bear is almost dead.
You have got your breath back.
The black bear barely misses you.
The black bear claws you but does no damage.
The black bear claws you. The black bear completely misses you.
The black bear barely misses you. x2
Aiming: Spit Poison (1% risk of failure)
Press: ? - help, Q - select action, (/) - cycle Shift-Dir - straight line, f/p - black bear
Aim: a black bear (almost dead, berserk, haloed, 82% to hit)
The splash of poison misses the black bear.
The black bear bites you. The black bear closely misses you.
The black bear claws you but does no damage.
You hit the black bear.
The black bear is almost dead.
The black bear closely misses you. x2; The black bear claws you.
The black bear closely misses you. The black bear completely misses you.
The black bear barely misses you.
You hit the black bear.
You kill the black bear!
Your Spellcasting skill increases to level 3!
You see here a black bear corpse.
You have got your breath back.
A quokka comes into view.
The splash of poison misses the quokka.
The quokka bites you but does no damage.
The quokka completely misses you.
You barely miss the quokka. The quokka barely misses you.
You hit the quokka.
The quokka is moderately wounded.
The quokka barely misses you. x2
You hit the quokka.
The quokka is severely wounded.
You have got your breath back.
The quokka closely misses you.
You hit the quokka but do no damage.
The quokka is severely wounded.
The quokka bites you but does no damage. x2
You hit the quokka.
You kill the quokka!
You are a level 6 Naga Monk.
You are 57% of the way to level 7.
Play time: 00:08:06 (1022 turns).
Zot will find you in 26408 turns if you stay in this branch and explore no new floors.
A sleepcap comes into view.
The splash of poison hits the sleepcap.
The sleepcap is lightly damaged.
You hit the sleepcap but do no damage.
The sleepcap is lightly damaged.
The sleepcap releases spores at you.
You are engulfed in a cloud of soporific spores!
You fall asleep.
The sleepcap releases spores at you!!
You wake up.
Unknown command.
You hit the sleepcap.
The sleepcap is moderately damaged.
The sleepcap releases spores at you.
You are engulfed in a cloud of soporific spores!
You are unaffected.
The sleepcap barely misses you.
You completely miss the sleepcap.
The sleepcap is moderately damaged.
The sleepcap releases spores at you!
You have got your breath back.
The sleepcap closely misses you.
Aiming: Spit Poison (1% risk of failure)
Press: ? - help, Q - select action, (/) - cycle Shift-Dir - straight line, f/p - sleepcap
Aim: a sleepcap (moderately damaged, haloed, 100% to hit)
The splash of poison hits the sleepcap but does no damage.
The sleepcap is moderately damaged.
The sleepcap barely misses you.
You hit the sleepcap but do no damage.
The sleepcap is moderately damaged.
The sleepcap releases spores at you!
You die...

...#
#.#####.#
#. ...#
#.# #.# #.
..... #.#
#.# #.
..#.# #.#
#.# #.
....# #.#
#.# #.
.#Y.#
#######.#
#.# #. .#
#.......#
#.###. .#
#.#######
#..... ##
#@#
########
#f#######
#.......
#.......#
..##..
#.......#
#.#
#.........
#.#
#........#
#.#
#.......##
#.#
#.......#
#.#
).......#
#.#


You could see a sleepcap.

Vanquished Creatures
  A black bear (D:5)
  A phantom (D:4)
  A hound (D:4)
  A bombardier beetle (D:4)
  An iguana (D:5)
  2 adders
  2 ufetubi (D:5)
  A ribbon worm (D:3)
  8 orcs
  3 ball pythons
  3 bats
  8 endoplasms
  A giant cockroach (D:3)
  4 hobgoblins
  5 jackals
  4 kobolds
  4 quokkas
  2 rats
52 creatures vanquished.

Notes
Turn   | Place    | Note
-------+----------+-------------------------------------------
     0 | D:1      | browni3141 the Naga Monk began the quest for the Orb.
     0 | D:1      | Reached XP level 1. HP: 21/21 MP: 1/1
    75 | D:1      | Reached XP level 2. HP: 27/28 MP: 2/2
   313 | D:3      | Reached XP level 3. HP: 15/34 MP: 3/3
   419 | D:2      | Reached skill level 4 in Maces & Flails
   488 | D:4      | Reached skill level 1 in Spellcasting
   488 | D:4      | Reached skill level 1 in Necromancy
   488 | D:4      | Reached XP level 4. HP: 37/42 MP: 3/5
   579 | D:5      | Entered Level 5 of the Dungeon
   608 | D:4      | Reached XP level 5. HP: 40/49 MP: 5/7
   635 | D:4      | Noticed a phantom
   647 | D:4      | Killed a phantom
   787 | D:4      | Found Muteic's CLEARANCE SALE!.
   793 | D:4      | Bought a potion of enlightenment for 20 gold pieces
   793 | D:4      | Bought a scroll of enchant weapon for 30 gold pieces
   866 | D:5      | Reached XP level 6. HP: 22/56 MP: 8/10
   866 | D:5      | Noticed an ice beast
   960 | D:5      | Noticed a black bear
   970 | D:5      | Killed a black bear
  1037 | D:5      | Slain by a sleepcap

Illustrated notes

Levels and vault maps discovered:
D:1:      lightli_arrival_lavapool, layout_loops_cross
D:2:      layout_loops_ring, serial_shops, nicolae_shop_gaudy_bauble
D:3:      layout_loops_ring
D:4:      layout_loops_ring, hangedman_decor_growths, nicolae_shop_clearance,
          uniq_grinder
D:5:      layout_basic, nicolae_hepliaklqana_hippocampus,
          minmay_temple_entry_arrows, kennysheep_windowed_goal

Skill      XL: |  1  2  3  4  5  6 |
---------------+-------------------+-----
Maces & Flails | 4 |  4.0
Spellcasting   | 1 2 3 |  3.2
Necromancy     | 1 3 |  3.6
Fighting       | |  3.5
Dodging        | |  2.5

Action                     |  1- 3 |  4- 6 || total
---------------------------+-------+-------++-------
  Melee: Mace              |    24 |       ||    24
         Flail             |    10 |    69 ||    79
Ability: Spit Poison       |    38 |    26 ||    64
    Use: Scroll            |       |     5 ||     5
 Armour: Robe              |    49 |    83 ||   132
  Dodge: Dodged            |    46 |    52 ||    98
